TOP OF THE 1ST |
---|
Creighton Blue Jays batting - Pitching for Louisville Cardinals : RHP Greg Ward | Pitching: RHP Greg Ward | | Batting: LHB Miguel Maldonado | 0-0: Foul Ball, location: 2F 0-1: Foul Ball, location: 2F 0-2: Strikes out swinging | Batting: RHB Enrico De Jesús | 0-0: Fly out, F7 (Line Drive, 78S) | Batting: SHB Brian Estes | 0-0: Ball 1-0: Called Strike 1-1: Ball 2-1: Called Strike 2-2: SINGLE (Line Drive, 89S) | Batting: RHB Carlos Gómez | 0-0: Ball 1-0: Ball 2-0: Called Strike 2-1: Ball 3-1: Foul Ball, location: 2F 3-2: Foul Ball, location: 2F 3-2: Strikes out swinging | Top of the 1st over - 0 runs, 1 hit, 0 errors, 1 left on base; Creighton 0 - Louisville 0 | BOTTOM OF THE 1ST |
---|
Louisville Cardinals batting - Pitching for Creighton Blue Jays : RHP Ramón Collazo | Pitching: RHP Ramón Collazo | | Batting: RHB José Ortíz | 0-0: Foul Ball, location: 2F 0-1: Ball 1-1: Fly out, F7 (Flyball, 7) | Batting: RHB Roberto Peńa | 0-0: Foul Ball, location: 2F 0-1: Called Strike 0-2: Strikes out swinging | Batting: RHB Larry Johnson | 0-0: Ball 1-0: Called Strike 1-1: Foul Ball, location: 2F 1-2: Foul Ball, location: 2F 1-2: Foul Ball, location: 2F 1-2: Ball 2-2: Strikes out swinging, 2-3 out at first. | Bottom of the 1st over - 0 runs, 0 hits, 0 errors, 0 left on base; Creighton 0 - Louisville 0 | TOP OF THE 2ND |
---|
Creighton Blue Jays batting - Pitching for Louisville Cardinals : RHP Greg Ward | Batting: LHB David Trent | 0-0: Ball 1-0: Ball 2-0: Swinging Strike 2-1: Foul Ball, location: 2F 2-2: Strikes out swinging | Batting: RHB Geoff Rainey | 0-0: Called Strike 0-1: Bunt for hit - play at first, batter OUT! 2-3 | Batting: LHB Ismael Báez | 0-0: Ball 1-0: Ball 2-0: Ball 3-0: Base on Balls | Batting: RHB Michael Carr | 0-0: Ball 1-0: SINGLE (Groundball, 4MD) Ismael Báez to second | Batting: LHB Mike Collier | 0-0: Ball 1-0: Foul Ball, location: 2F 1-1: Foul Ball, location: 2F 1-2: Fly out, F8 (Flyball, 8LD) | Top of the 2nd over - 0 runs, 1 hit, 0 errors, 2 left on base; Creighton 0 - Louisville 0 | BOTTOM OF THE 2ND |
---|
Louisville Cardinals batting - Pitching for Creighton Blue Jays : RHP Ramón Collazo | Batting: RHB Charlie Guzmén | 0-0: Ball 1-0: Ball 2-0: Reached on error, E3 (Groundball, 34) | Batting: LHB Preston Spencer | 0-0: Called Strike 0-1: Ball 1-1: Called Strike 1-2: Ball 2-2: Strikes out swinging | Batting: LHB Miguel Rodríguez | 0-0: Ball 1-0: Ball 2-0: Ball 3-0: Base on Balls | Batting: LHB Francisco Aguilera | 0-0: Ball 1-0: Called Strike 1-1: Ball 2-1: Foul Ball, location: 2F 2-2: Ball 3-2: Foul Ball, location: 2F 3-2: Fielders Choice at 2nd, 1-6 (Groundball, 13) Charlie Guzmén to third | Batting: SHB Andrés Sandoval | 0-0: Ball 1-0: Ball 2-0: SINGLE (Groundball, 6MD) Charlie Guzmén scores Francisco Aguilera to second | Batting: SHB Dan Williams | 0-0: Ball 1-0: Called Strike 1-1: Foul Ball, location: 2F 1-2: Strikes out swinging | Bottom of the 2nd over - 1 run, 1 hit, 1 error, 2 left on base; Creighton 0 - Louisville 1 | TOP OF THE 3RD |
---|
Creighton Blue Jays batting - Pitching for Louisville Cardinals : RHP Greg Ward | Batting: LHB Miguel Maldonado | 0-0: Ground out 1-3 (Groundball, P) | Batting: RHB Enrico De Jesús | 0-0: Called Strike 0-1: Ball 1-1: Foul Ball, location: 2F 1-2: Strikes out looking | Batting: SHB Brian Estes | 0-0: Ground out 4-3 (Groundball, 4) | Top of the 3rd over - 0 runs, 0 hits, 0 errors, 0 left on base; Creighton 0 - Louisville 1 | BOTTOM OF THE 3RD |
---|
Louisville Cardinals batting - Pitching for Creighton Blue Jays : RHP Ramón Collazo | Batting: RHB José Ortíz | 0-0: Foul Ball, location: 2F 0-1: Fly out, F8 (Flyball, 8RXD) | Batting: RHB Roberto Peńa | 0-0: Ball 1-0: Swinging Strike 1-1: Ball 2-1: Ball 3-1: Swinging Strike 3-2: Foul Ball, location: 2F 3-2: Foul Ball, location: 2F 3-2: Foul Ball, location: 2F 3-2: Strikes out swinging | Batting: RHB Larry Johnson | 0-0: Called Strike 0-1: Ball 1-1: Swinging Strike 1-2: Ball 2-2: Strikes out swinging passed ball, reaches first! | Batting: RHB Charlie Guzmén | 0-0: Called Strike 0-1: Ball 1-1: Ground out 4-3 (Groundball, 4) | Bottom of the 3rd over - 0 runs, 0 hits, 0 errors, 1 left on base; Creighton 0 - Louisville 1 | TOP OF THE 4TH |
---|
Creighton Blue Jays batting - Pitching for Louisville Cardinals : RHP Greg Ward | Batting: RHB Carlos Gómez | 0-0: Ball 1-0: Called Strike 1-1: Ball 2-1: Ball 3-1: Base on Balls | Batting: LHB David Trent | 0-0: Grounds into double play, 4-6-3 (Groundball, 4) | Batting: RHB Geoff Rainey | 0-0: Called Strike 0-1: Fly out, F9 (Flyball, 9LS) | Top of the 4th over - 0 runs, 0 hits, 0 errors, 0 left on base; Creighton 0 - Louisville 1 | BOTTOM OF THE 4TH |
---|
Louisville Cardinals batting - Pitching for Creighton Blue Jays : RHP Ramón Collazo | Batting: LHB Preston Spencer | 0-0: Called Strike 0-1: Ball 1-1: Called Strike 1-2: Ball 2-2: SINGLE (Line Drive, 4MD) | Batting: LHB Miguel Rodríguez | 0-0: SINGLE (Line Drive, 89M) Preston Spencer to second Runner from 2nd tries for 3rd, SAFE, throw made to third | Batting: LHB Francisco Aguilera | 0-0: Fielders Choice at 2nd, 4-6 (Groundball, 34) Preston Spencer scores | Batting: SHB Andrés Sandoval | 0-0: Ball 1-0: Ball 2-0: Fly out, F7 (Line Drive, 78S) | Batting: SHB Dan Williams | 0-0: Ball Francisco Aguilera steals 2nd base 1-0: Called Strike 1-1: Foul Ball, location: 2F 1-2: Ground out 4-3 (Groundball, 4M) | Bottom of the 4th over - 1 run, 2 hits, 0 errors, 1 left on base; Creighton 0 - Louisville 2 | TOP OF THE 5TH |
---|
Creighton Blue Jays batting - Pitching for Louisville Cardinals : RHP Greg Ward | Batting: LHB Ismael Báez | 0-0: Ball 1-0: Ball 2-0: Ball 3-0: Called Strike 3-1: Foul Ball, location: 2F 3-2: Foul Ball, location: 2F 3-2: Fly out, F6 (Line Drive, 6M) | Batting: RHB Michael Carr | 0-0: Foul Ball, location: 2F 0-1: Foul Ball, location: 2F 0-2: Strikes out swinging | Batting: LHB Mike Collier | 0-0: SINGLE (Line Drive, 56D) | Batting: LHB Miguel Maldonado | 0-0: Foul Ball, location: 2F 0-1: SINGLE (Line Drive, 34) Mike Collier to second | Batting: RHB Enrico De Jesús | 0-0: Called Strike 0-1: Foul Ball, location: 2F 0-2: Ball 1-2: Fielders Choice at 2nd, 5-4 (Groundball, 56) | Top of the 5th over - 0 runs, 2 hits, 0 errors, 2 left on base; Creighton 0 - Louisville 2 | BOTTOM OF THE 5TH |
---|
Louisville Cardinals batting - Pitching for Creighton Blue Jays : RHP Ramón Collazo | Batting: RHB José Ortíz | 0-0: Swinging Strike 0-1: Ball 1-1: Ball 2-1: DOUBLE (Line Drive, 78M) | Batting: RHB Roberto Peńa | 0-0: Called Strike 0-1: Ball 1-1: Swinging Strike 1-2: Strikes out swinging | Pitching: RHP Bill Haynes | | Batting: RHB Larry Johnson | 0-0: Ball 1-0: Foul Ball, location: 2F 1-1: Foul Ball, location: 2F 1-2: Foul Ball, location: 2F 1-2: Strikes out swinging | Batting: RHB Charlie Guzmén | 0-0: Called Strike 0-1: Foul Ball, location: 2F 0-2: Ball 1-2: 2-RUN HOME RUN (Flyball, 7LD), Distance : 338 ft | Batting: LHB Preston Spencer | 0-0: Called Strike 0-1: Foul Ball, location: 2F 0-2: Ball 1-2: Foul Ball, location: 2F 1-2: Ground out 5-3 (Groundball, 5) | Bottom of the 5th over - 2 runs, 2 hits, 0 errors, 0 left on base; Creighton 0 - Louisville 4 | TOP OF THE 6TH |
---|
Creighton Blue Jays batting - Pitching for Louisville Cardinals : RHP Greg Ward | Batting: SHB Brian Estes | 0-0: Foul Ball, location: 2F 0-1: Swinging Strike 0-2: Strikes out looking | Batting: RHB Carlos Gómez | 0-0: Ball 1-0: Called Strike 1-1: Called Strike 1-2: Ball 2-2: Ball 3-2: Ground out 6-3 (Groundball, 6MS) | Batting: LHB David Trent | 0-0: Called Strike 0-1: Ball 1-1: Fly out, F7 (Flyball, 7) | Top of the 6th over - 0 runs, 0 hits, 0 errors, 0 left on base; Creighton 0 - Louisville 4 | BOTTOM OF THE 6TH |
---|
Louisville Cardinals batting - Pitching for Creighton Blue Jays : RHP Bill Haynes | Batting: LHB Miguel Rodríguez | 0-0: Called Strike 0-1: Foul Ball, location: 2F 0-2: Ball 1-2: Foul Ball, location: 2F 1-2: Ball 2-2: Ball 3-2: Fly out, F7 (Flyball, 78D) | Batting: LHB Francisco Aguilera | 0-0: Ball 1-0: Fly out, F7 (Flyball, 7S) | Batting: SHB Andrés Sandoval | 0-0: Ball 1-0: Called Strike 1-1: Foul Ball, location: 2F 1-2: Foul Ball, location: 2F 1-2: Foul Ball, location: 2F 1-2: Foul Ball, location: 2F 1-2: Ball 2-2: Ball 3-2: SINGLE (Groundball, 56D) | Batting: SHB Dan Williams | 0-0: Foul Ball, location: 2F 0-1: SINGLE (Groundball, 3D) Andrés Sandoval to second Throwing error, E9 Andrés Sandoval scores Dan Williams to second | Batting: RHB José Ortíz | 0-0: Ground out 4-3 (Groundball, 4) | Bottom of the 6th over - 1 run, 2 hits, 1 error, 1 left on base; Creighton 0 - Louisville 5 | TOP OF THE 7TH |
---|
Creighton Blue Jays batting - Pitching for Louisville Cardinals : RHP Greg Ward | Batting: RHB Geoff Rainey | 0-0: Foul Ball, location: 2F 0-1: Fly out, F9 (Line Drive, 9LM) | Batting: LHB Ismael Báez | 0-0: Ground out 5-3 (Groundball, 56S) | Batting: RHB Michael Carr | 0-0: SINGLE (Groundball, 34D) | Pitching: LHP Scott McLeish | | Batting: LHB Mike Collier | 0-0: Called Strike 0-1: SINGLE (Groundball, 56S) (infield hit) Michael Carr to second | Batting: LHB Miguel Maldonado | 0-0: Called Strike 0-1: Foul Ball, location: 2F 0-2: Strikes out swinging | Top of the 7th over - 0 runs, 2 hits, 0 errors, 2 left on base; Creighton 0 - Louisville 5 | BOTTOM OF THE 7TH |
---|
Louisville Cardinals batting - Pitching for Creighton Blue Jays : RHP Bob Roy | Pitching: RHP Bob Roy | | Batting: RHB Roberto Peńa | 0-0: Ball 1-0: Called Strike 1-1: Ball 2-1: Foul Ball, location: 2F 2-2: Ball 3-2: Strikes out swinging | Batting: RHB Larry Johnson | 0-0: Fly out, F7 (Line Drive, 7) | Batting: RHB Charlie Guzmén | 0-0: Called Strike 0-1: Ball 1-1: Called Strike 1-2: Strikes out swinging | Bottom of the 7th over - 0 runs, 0 hits, 0 errors, 0 left on base; Creighton 0 - Louisville 5 | TOP OF THE 8TH |
---|
Creighton Blue Jays batting - Pitching for Louisville Cardinals : LHP Scott McLeish | Batting: RHB Enrico De Jesús | 0-0: Called Strike 0-1: Ball 1-1: Ball 2-1: Foul Ball, location: 2F 2-2: Fly out, F7 (Flyball, 7) | Batting: SHB Brian Estes | 0-0: Called Strike 0-1: SINGLE (Line Drive, 7S) | Batting: RHB Carlos Gómez | 0-0: Called Strike 0-1: Ball Wild Pitch! Brian Estes to second 1-1: SINGLE (Groundball, 4S) (infield hit) Brian Estes to third | Batting: LHB David Trent | 0-0: Ball 1-0: Swinging Strike 1-1: Called Strike 1-2: Ball 2-2: Foul Ball, location: 2F 2-2: Foul Ball, location: 2F 2-2: Strikes out swinging | Batting: RHB Geoff Rainey | 0-0: SINGLE (Flyball, 9LM) Brian Estes scores Carlos Gómez to second Runner from 2nd tries for 3rd, SAFE, throw made to third | Batting: LHB Ismael Báez | 0-0: Fly out, F5 (Popup, 56S) | Top of the 8th over - 1 run, 3 hits, 0 errors, 2 left on base; Creighton 1 - Louisville 5 | BOTTOM OF THE 8TH |
---|
Louisville Cardinals batting - Pitching for Creighton Blue Jays : RHP Bob Roy | Batting: LHB Preston Spencer | 0-0: Ball 1-0: Fly out, F5 (Popup, 5) | Batting: LHB Miguel Rodríguez | 0-0: Ground out 5-3 (Groundball, 56S) | Batting: LHB Francisco Aguilera | 0-0: Ball 1-0: Swinging Strike 1-1: Fly out, F9 (Flyball, 9LS) | Bottom of the 8th over - 0 runs, 0 hits, 0 errors, 0 left on base; Creighton 1 - Louisville 5 | TOP OF THE 9TH |
---|
Creighton Blue Jays batting - Pitching for Louisville Cardinals : LHP Scott McLeish | Batting: RHB Michael Carr | 0-0: Fly out, F8 (Flyball, 8LD) | Batting: LHB Mike Collier | 0-0: Called Strike 0-1: Foul Ball, location: 2F 0-2: Ball 1-2: Ball 2-2: Foul Ball, location: 2F 2-2: Ball 3-2: Base on Balls | Batting: LHB Miguel Maldonado | 0-0: Called Strike 0-1: Ball 1-1: Ball 2-1: Grounds into double play, 4-6-3 (Groundball, 4) | Top of the 9th over - 0 runs, 0 hits, 0 errors, 0 left on base; Creighton 1 - Louisville 5 | |